 Dungeon Crawl Stone Soup version 0.30-a0-672-gc3a7216ad8 (webtiles) character file.

Game seed: 1238678688581853087

4744 bande the Cleaver (level 10, -2/86 HPs)
             Began as a Hill Orc Fighter on Jan 19, 2023.
             Was a Priest of Beogh.
             Slain by a cyan ugly thing (10 damage)
             ... on level 9 of the Dungeon.
             The game lasted 00:15:02 (7408 turns).

bande the Cleaver (Hill Orc Fighter)                Turns: 7408, Time: 00:15:03

Health: -2/86      AC: 15    Str: 20    XL:     10   Next: 46%
Magic:  11/11      EV:  8    Int:  8    God:    Beogh [***...]
Gold:   267        SH: 11    Dex: 14    Spells: 9/9 levels left

rFire   . . .      SeeInvis +    a - +1 war axe (elec)
rCold   . . .      Faith    +    p - +1 kite shield
rNeg    . . .      Spirit   .    b - +0 scale mail
rPois   .          Reflect  .    c - +2 helmet {SInv}
rElec   .          Harm     .    w - +2 cloak
rCorr   .          Rampage  .    m - +0 pair of gloves
Will    .....                    (no boots) Stlth
                                 h - amulet of faith
HPRegen 0.34/turn                (no ring)
MPRegen 0.12/turn                (no ring)

@: slowed, very slow
A: low MP 2
a: Renounce Religion, Smiting


You were on level 9 of the Dungeon.
You worshipped Beogh.
Beogh was most pleased with you.
You visited 1 branch of the dungeon, and saw 9 of its levels.
You also visited: Sewer and Ossuary.

You collected 394 gold pieces.
You spent 127 gold pieces at shops.

Inventory:

Hand Weapons
 a - a +1 war axe of electrocution (weapon)
 l - a +0 flail
Missiles
 s - 2 throwing nets (quivered)
Armour
 b - a +0 scale mail (worn)
 c - a +2 helmet of see invisible (worn)
 m - a +0 pair of gloves (worn)
 p - a +1 kite shield (worn)
 w - a +2 cloak (worn)
Jewellery
 g - an amulet of magic regeneration
 h - an amulet of faith (around neck)
Wands
 j - a wand of quicksilver (8)
 r - a wand of polymorph (8)
Scrolls
 e - 3 scrolls of enchant weapon
 i - a scroll of magic mapping
 k - 6 scrolls of teleportation
 n - 2 scrolls of blinking
 q - 10 scrolls of identify
 y - 3 scrolls of enchant armour
 A - 3 scrolls of amnesia
Potions
 d - 3 potions of might
 f - 4 potions of curing
 t - 2 potions of haste
 u - a potion of magic
 v - a potion of cancellation
 z - a potion of resistance
 B - 2 potions of heal wounds


   Skills:
 + Level 7.4 Fighting
 + Level 12.3 Axes
 + Level 6.1 Armour
 - Level 0.2 Dodging
 + Level 6.7 Shields
 * Level 6.3 Invocations
 * Level 5.6 Evocations


You had 9 spell levels left.
You didn't know any spells.
Your spell library contained the following spells:

 Spells                   Type           Power      Damage    Failure   Level
 Ensorcelled Hibernation  Hex/Ice        0%         N/A       99%         2
 Ignite Poison            Fire/Tmut/Pois 0%         N/A       100%        3
 Kindle Blastsparks       Fire/Tloc/Air  0%         2d10      100%        3
 Portal Projectile        Hex/Tloc       0%         N/A       100%        3
 Spider Form              Tmut/Pois      0%         N/A       100%        3
 Tukima's Dance           Hex            0%         N/A       100%        3
 Anguish                  Hex/Necr       0%         N/A       100%        4
 Sticky Flame             Conj/Fire      0%         2d3       100%        4
 Blade Hands              Tmut           0%         N/A       100%        5
 Freezing Cloud           Conj/Ice/Air   0%         6-21      100%        5
 Ignition                 Fire           0%         3d3       100%        8


Dungeon Overview and Level Annotations

Branches:
Dungeon (10/15)            Temple (0/1) D:7           Sewer (visited)
Ossuary (visited)
   Lair: D:8-11         Orc: D:9-12

Altars:
Dithmenos
Elyvilon
Qazlal
Ru
Trog
Yredelemnul

Shops:
D:3 =   D:4 [

Annotations:
D:6 2 transporters


Innate Abilities, Weirdness & Mutations

Your magical capacity is very low. (-20% MP)


Message History

You slash the freezing wraith!
The freezing wraith is lightly damaged.
You barely miss the cyan ugly thing. The cyan ugly thing closely misses you.
You block the freezing wraith's attack. The freezing wraith hits you.
You slash the freezing wraith!
Lightning courses through the freezing wraith!
The freezing wraith is severely damaged.
You hit the cyan ugly thing.
The cyan ugly thing kicks you but does no damage.
The freezing wraith hits you but does no damage.
You block the freezing wraith's attack.
The deep elf pyromancer casts a spell.
The deep elf pyromancer blinks!
You hit the freezing wraith but do no damage.
The freezing wraith is severely damaged.
You slash the cyan ugly thing! You block the cyan ugly thing's attack.
The freezing wraith hits you!
* * * LOW HITPOINT WARNING * * *
The freezing wraith freezes you!
* * * LOW HITPOINT WARNING * * *
The freezing wraith hits you.
* * * LOW HITPOINT WARNING * * *
The freezing wraith drains your vigour!
You feel yourself slow down.
You slash the freezing wraith!
The freezing wraith is almost destroyed.
You hit the cyan ugly thing but do no damage.
You block the cyan ugly thing's attack. You block the freezing wraith's attack.
The freezing wraith hits you!
* * * LOW HITPOINT WARNING * * *
The freezing wraith drains your vigour!
You feel as though you will be slow longer.
The cyan ugly thing kicks you but does no damage.
You slash the freezing wraith!
You destroy the freezing wraith!
Beogh accepts your kill.
You closely miss the cyan ugly thing.
The cyan ugly thing kicks you but does no damage.
The cyan ugly thing attacks as you move away!
The cyan ugly thing barely misses you. The cyan ugly thing kicks you!
You die...

####### #.....#
#.....# #...!.# #
##.#.$## #.
##..##.## #.
#..##°#u##
#..###.##...#@#
####.....#$#...e.#
.......>.##.!#..##
####.###.#.....#?
# #.##.#.. #
#.###.#. #.# ##.#
#.. . ###


You could see a cyan ugly thing and a deep elf pyromancer.

Vanquished Creatures
  A manticore (D:9)
  A freezing wraith (D:9)
  Maggie (D:6)
  Sigmund (D:6)
  4 yaks (D:10)
  Menkaure (D:6)
  An ogre (D:5)
  4 kobold brigands
  A necrophage (D:6)
  14 scorpions
  A water moccasin zombie (D:6)
  2 wights (D:6)
  9 killer bees (D:10)
  2 bullfrog zombies (D:6)
  3 centaur zombies
  3 hounds
  A jelly (D:5)
  A gnoll bouda (D:10)
  Crazy Yiuf (D:2)
  2 human zombies
  3 iguanas
  Natasha (thrice) (D:2)
  3 orc wizards
  11 scorpion zombies (Ossuary)
  A killer bee zombie (D:6)
  5 mummies
  Robin (D:4)
  7 adders
  4 gnolls (D:10)
  A shadow imp (D:5)
  A worm (D:3)
  A dart slug (D:4)
  10 orcs
  7 endoplasms
  4 giant cockroaches
  3 gnoll zombies (Ossuary)
  16 goblins
  8 hobgoblins
  4 jackals (D:2)
  31 kobolds
  5 quokkas
  8 ball pythons
  10 bats
  4 frilled lizards
  A hobgoblin zombie (Ossuary)
  2 kobold zombies (Ossuary)
  An orc zombie (Ossuary)
  9 rats
218 creatures vanquished.

Vanquished Creatures (others)
  A hound (D:5)
  7 plants
8 creatures vanquished.

Grand Total: 226 creatures vanquished

Notes
Turn   | Place    | Note
-------+----------+-------------------------------------------
     0 | D:1      | bande the Hill Orc Fighter began the quest for the Orb.
     0 | D:1      | Reached XP level 1. HP: 19/19 MP: 1/1
   172 | D:1      | Reached XP level 2. HP: 27/27 MP: 2/2
   271 | D:1      | Reached skill level 3 in Axes
   474 | D:1      | Reached XP level 3. HP: 33/33 MP: 3/3
   503 | D:1      | Found a faded altar of an unknown god.
  1155 | D:2      | Reached skill level 4 in Axes
  1394 | D:2      | Noticed Natasha
  1403 | D:2      | Killed Natasha
  1404 | D:2      | Reached XP level 4. HP: 24/40 MP: 4/4
  1779 | D:2      | Noticed Natasha
  1782 | D:2      | Killed Natasha
  1783 | D:2      | Reached skill level 5 in Axes
  2015 | D:2      | Found a runed translucent door.
  2016 | D:2      | Noticed Crazy Yiuf
  2224 | D:2      | Killed Crazy Yiuf
  2225 | D:2      | Reached XP level 5. HP: 47/47 MP: 5/5
  2434 | D:2      | Noticed Natasha
  2453 | D:2      | Killed Natasha
  2633 | D:3      | Identified the +1 leather armour of Impatience {rPois Int+4
                  | Dex-2}
  2644 | D:3      | Found Mualam's Jewellery Shop.
  3049 | D:4      | Reached skill level 6 in Axes
  3150 | D:4      | Found Roodutrovo's Antique Armour Boutique.
  3194 | D:4      | Bought a glowing helmet for 127 gold pieces
  3313 | D:4      | Reached XP level 6. HP: 53/53 MP: 6/6
  3352 | D:4      | Found a bloodstained altar of Trog.
  3528 | D:4      | Reached skill level 1 in Evocations
  3700 | D:4      | Noticed Robin
  3708 | D:4      | Killed Robin
  4253 | D:5      | Entered Level 5 of the Dungeon
  4253 | D:5      | Found a stormy altar of Qazlal.
  4259 | D:5      | Reached skill level 5 in Fighting
  4259 | D:5      | Reached skill level 7 in Axes
  4259 | D:5      | Reached XP level 7. HP: 61/61 MP: 7/7
  4311 | D:5      | Became a worshipper of Beogh the Brigand
  4337 | D:5      | Found a sand-covered staircase.
  4346 | Ossuary  | Entered an ossuary
  4409 | Ossuary  | Reached skill level 8 in Axes
  4416 | Ossuary  | Reached XP level 8. HP: 66/68 MP: 8/8
  4455 | Ossuary  | Reached skill level 1 in Invocations
  4529 | Ossuary  | Reached skill level 9 in Axes
  4533 | Ossuary  | Reached * piety under Beogh
  4595 | Ossuary  | Reached skill level 5 in Shields
  4812 | D:5      | Found a glowing drain.
  4821 | Sewer    | Entered a sewer
  4886 | Sewer    | Reached skill level 10 in Axes
  4956 | Sewer    | Reached XP level 9. HP: 75/75 MP: 11/11
  5080 | Sewer    | Reached ** piety under Beogh
  5121 | D:5      | Gained mutation: You are weak. (Str -2) [potion of
                  | mutation]
  5122 | D:5      | Lost mutation: You are weak. (Str -2) [potion of mutation]
  5122 | D:5      | Gained mutation: You are clumsy. (Dex -2) [potion of
                  | mutation]
  5122 | D:5      | Gained mutation: You are frail. (-10% HP) [potion of
                  | mutation]
  5122 | D:5      | Gained mutation: Your muscles are strong. (Str +4, Int/Dex
                  | -1) [potion of mutation]
  5235 | D:5      | Reached skill level 5 in Armour
  5370 | D:5      | Found a shadowy altar of Dithmenos.
  5650 | D:6      | Noticed Maggie
  5653 | D:6      | Noticed Menkaure
  5660 | D:6      | Killed Maggie
  5662 | D:6      | Killed Menkaure
  5674 | D:6      | Noticed Sigmund
  6041 | D:6      | Reached skill level 11 in Axes
  6046 | D:6      | Killed Sigmund
  6098 | D:6      | Reached skill level 5 in Invocations
  6415 | D:6      | Found a basalt altar of Yredelemnul.
  6533 | D:6      | Noticed a cyclops
  6533 | D:6      | Noticed a purple ugly thing
  6535 | D:6      | Noticed a cyclops
  6540 | D:6      | Found a transporter.
  6545 | D:6      | Found a transporter.
  6550 | D:6      | Found a sacrificial altar of Ru.
  6559 | D:6      | Identified the +0 robe of the Teacher {+Blink Regen+}
  6856 | D:7      | Found a staircase to the Ecumenical Temple.
  6880 | D:7      | You fall into a shaft and drop 3 floors!
  6880 | D:10     | Entered Level 10 of the Dungeon
  6918 | D:10     | Reached skill level 5 in Evocations
  6918 | D:10     | Reached XP level 10. HP: 75/75 MP: 14/14
  6948 | D:10     | Reached *** piety under Beogh
  6976 | D:10     | Reached skill level 12 in Axes
  7156 | D:10     | Lost mutation: You are frail. (-10% HP) [potion of
                  | mutation]
  7156 | D:10     | Lost mutation: Your muscles are strong. (Str +4, Int/Dex
                  | -1) [potion of mutation]
  7156 | D:10     | Lost mutation: You are clumsy. (Dex -2) [potion of
                  | mutation]
  7156 | D:10     | Gained mutation: Your magical capacity is low. (-10% MP)
                  | [potion of mutation]
  7156 | D:10     | Gained mutation: Your magical capacity is very low. (-20%
                  | MP) [potion of mutation]
  7262 | D:10     | Found a white marble altar of Elyvilon.
  7391 | D:9      | Noticed a manticore
  7394 | D:9      | Noticed a deep elf pyromancer
  7395 | D:9      | Noticed a cyan ugly thing
  7402 | D:9      | Killed a manticore
  7408 | D:9      | Slain by a cyan ugly thing

Illustrated notes

Levels and vault maps discovered:
D:1:      dpeg_arrival_shelter, layout_basic, chequers_ecumenical_altar_simple,
          minmay_crystal_room, minmay_vboxes
D:2:      layout_basic, uniq_crazy_yiuf_cottage, uniq_natasha
D:3:      layout_rooms, serial_shops, shop, chequers_serial_rivers_micro_e
D:4:      layout_basic, trog_butcher_becter, serial_shops, shop,
          lexackson_kobold_supper, uniq_robin
D:5:      layout_rooms, grunt_qazlal_sundering,
          mainiacjoe_overflow_surrounded_room, portal_sewer_entry_d,
          nicolae_ossuary_entry_false_entrances
D:6:      layout_rooms, lemuel_mausoleum_altar_yredelemnul,
          gammafunk_temple_overflow_arena, uniq_menkaure, uniq_sigmund,
          uniq_maggie
D:7:      layout_loops_cross, zin_statuary, mainiacjoe_overflow_small_starburst,
          mainiacjoe_overflow_24_doors, kennysheep_little_box,
          minmay_temple_entry_gardened_gates
D:9:      minmay_bloctagon_deflated, layout_basic, mainiacjoe_overflow_alcove_2,
          mainiacjoe_overflow_alcove_1, david_lair_shrubbed, orc_0_dummy
D:10:     layout_loops_cross, elyvilon_altar_5, nicolae_two_hexagons,
          minivault_28, uniq_joseph

Skill      XL: |  1  2  3  4  5  6  7  8  9 10 |
---------------+-------------------------------+-----
Axes           | 3 4 5 6 7 8 10 11 12 | 12.3
Fighting       | 4 5 6 7 |  7.4
Armour         | 4 5 6 |  6.1
Evocations     | 1 2 3 5 |  5.6
Shields        | 4 5 6 |  6.7
Invocations    | 3 5 6 |  6.3
Dodging        | |  0.2

Action                   |  1- 3 |  4- 6 |  7- 9 | 10-12 || total
-------------------------+-------+-------+-------+-------++-------
Melee: War axe           |   116 |   131 |   284 |    86 ||   617
Invok: Convert to Beogh  |       |       |     1 |       ||     1
  Use: Scroll            |       |    12 |     8 |       ||    20
       Potion            |       |       |     3 |     1 ||     4
Armor: Scale mail        |    60 |    74 |   176 |    43 ||   353
Dodge: Dodged            |    65 |    52 |    89 |    39 ||   245
Block: Buckler           |    34 |    11 |       |       ||    45
       Kite shield       |       |    44 |   173 |    59 ||   276

Table legend: (Time is in decaauts)
 A = Elapsed time spent in this place.
 B = Non-inter-level travel time spent in this place.
 C = Inter-level travel time spent in this place.
 D = Time resting spent in this place.
 E = Time spent auto-exploring this place.
 F = Levels seen in this place.
 G = Mean time per level.
                   A        B        C        D        E       F      G
               +--------+--------+--------+--------+--------+-----+--------+
         Total |   7579 |   7113 |    466 |    741 |   4612 |  11 |  689.0 |
       Dungeon |   6855 |   6389 |    466 |    741 |   4208 |   9 |  761.7 |
         Sewer |    320 |    320 |      0 |      0 |    187 |   1 |  320.0 |
       Ossuary |    402 |    402 |      0 |      0 |    216 |   1 |  402.0 |
               +--------+--------+--------+--------+--------+-----+--------+

Top non-repeatable levels by time:
     D:2: 1816 daAuts
     D:4: 1314 daAuts
     D:5: 1091 daAuts
     D:6: 844 daAuts
     D:1: 706 daAuts
    D:10: 507 daAuts
     D:3: 506 daAuts
 Ossuary: 402 daAuts
   Sewer: 320 daAuts
     D:7: 41 daAuts
     D:9: 27 daAuts
